Cogmind - Beta 14 @@@ ROGUE MODE // 2024.08.16 @ 19:12:21 Player: Syanka Result: Destroyed by 97-LXL(j) with Overtuned Pulse Rifle Performance ------------- Evolutions (0) 0 Regions Visited (4) 800 Robots Destroyed (30) 150 Value Destroyed (491) 491 Prototype IDs (7) 140 Alien Tech Used (0) 0 Bonus (300) 300 TOTAL SCORE: 1881 Bonus ------- Registered with UFD 300 Cogmind --------- Core Integrity 0/250 Matter 256/300 Energy 310/310 System Corruption 0% Temperature Warm (120) Movement Treading (250) Ox1 Location -9/Scraptown Parts ------- > --- POWER (1) -------- Fission Core > --- PROPULSION (2) --- Light Treads Spiked Treads > --- UTILITY (2) ------ High-capacity Storage Unit Layered Medium Armor Plating > --- WEAPON (2) ------- Heavy Assault Rifle Battle Rifle > --- INVENTORY (20) --- Light Treads Improved Treads Improved Cryofiber Web Cooling System Advanced Targeting Computer Weapon Cycler Core Shielding Medium Laser Spread Laser Heavy Plasma Cannon Improved Light Cannon Rocket Launcher Mini Grenade Launcher Mini Grenade Launcher Subdweller Shrapnel Launcher Plasma Cutter CPS Tube (2) CPS Tube (2) Voltaic Drivehammer (0/40) Great Maul Peak State ------------ > --- POWER ------------ Fission Core > --- PROPULSION ------- Light Treads Spiked Treads > --- UTILITY ---------- High-capacity Storage Unit Layered Medium Armor Plating > --- WEAPON ----------- Battle Rifle Plasma Cutter > --- INVENTORY -------- Light Treads Improved Treads Improved Cryofiber Web Cooling System Advanced Targeting Computer Weapon Cycler Core Shielding Medium Laser Spread Laser Heavy Plasma Cannon Heavy Assault Rifle Improved Light Cannon Rocket Launcher Mini Grenade Launcher Mini Grenade Launcher Subdweller Shrapnel Launcher CPS Tube CPS Tube Voltaic Drivehammer Great Maul [Rating: 23] Favorites ----------- Power Ion Engine Engine Ion Engine Power Core Fission Core Propulsion Light Treads Treads Light Treads Flight Unit Improved Flight Unit Utility High-capacity Storage Unit Device Seismic Detector Storage High-capacity Storage Unit Protection Hardened Light Armor Plating Weapon Heavy Assault Rifle Energy Gun EM Pulse Gun Energy Cannon Beam Cannon Ballistic Gun Heavy Assault Rifle Ballistic Cannon Improved Light Cannon Launcher Grenade Launcher Special Weapon Plasma Cutter Build | -11 -10 -10 -9 -9 ------- Run | Yrd Mat Sub Rec Scr Slots Evolved . | . . . . . Power . | . . . . . Propulsion . | . . . . . Utility . | . . . . . Weapon . | . . . . . Parts Attached 58 | 10 15 14 9 10 Power 5 | 2 1 . 1 1 Engine 4 | 2 1 . 1 . Core 1 | . . . . 1 Reactor . | . . . . . Propulsion 11 | 2 2 1 5 1 Treads 9 | 2 2 1 3 1 Leg . | . . . . . Wheel . | . . . . . Hover . | . . . . . Flight 2 | . . . 2 . Utility 11 | 3 3 3 1 1 Device 2 | 1 . 1 . . Storage 5 | 2 3 . . . Processor . | . . . . . Hackware . | . . . . . Protection 4 | . . 2 1 1 Artifact . | . . . . . Weapon 31 | 3 9 10 2 7 Energy Gun 13 | 3 5 5 . . Energy Cannon 2 | . 2 . . . Ballistic Gun 6 | . . . 2 4 Ballistic Cannon 3 | . . 3 . . Launcher 4 | . 2 2 . . Special Weapon 3 | . . . . 3 Impact Weapon . | . . . . . Slashing Weapon . | . . . . . Piercing Weapon . | . . . . . Special Melee Weapon . | . . . . . Unidentified Prototypes 1 | . . . 1 . Corrupted Parts 1 | . . 1 . . System Corruption 5 | . . 5 . . Parts Lost 5 | . 1 4 . . Power . | . . . . . Propulsion . | . . . . . Utility . | . . . . . Weapon 5 | . 1 4 . . Highest Loss Streak 4 | . 1 4 . . To Critical Strikes . | . . . . . Average Slot Usage (%) 99 | . 100 97 100 99 Engine 11 | . 14 14 14 7 Core 2 | . . . . 6 Treads 27 | . 28 28 27 28 Device 4 | . 14 4 . . Storage 14 | . 14 14 14 14 Protection 9 | . . 9 14 14 Energy Gun 7 | . 18 19 . . Energy Cannon 3 | . 8 . . . Ballistic Gun 11 | . . . 5 27 Ballistic Cannon 6 | . . 5 22 . Peak Build Rating 23 | 7 10 12 15 23 Average Rating 13 | 5 8 10 12 17 On Entrance 8 | . 7 10 12 13 Naked Turns . | . . . . . Heaviest Build 64 | 18 51 54 58 64 Greatest Support 40 | 40 40 40 40 40 Greatest Overweight (x) 1 | . 1 1 1 1 Average Overweight (x) . | . . 1 1 1 Largest Inventory Capacity 20 | 8 20 20 20 20 Average Capacity 18 | 6 16 20 20 20 Most Carried 20 | 7 20 20 20 20 Average Carried 17 | 3 15 18 19 19 Final Capacity 20 | 8 20 20 20 20 Final Carried 20 | 7 20 16 20 20 Class Distribution -------------------- 100% | Mutant Dominant Class ---------------- Mutant | -10/Materials Mutant | -10/Subcaves Mutant | -9/Recycling Mutant | -9/Scraptown Resources | -11 -10 -10 -9 -9 ----------- Run | Yrd Mat Sub Rec Scr Matter Collected 1213 | 300 140 157 506 110 Remotely . | . . . . . Salvage Created 929 | 126 261 189 353 . Parts 45 | 5 13 17 10 . Haulers Intercepted 2 | . 2 . . . Recyclers Shooed 5 | . 1 . 4 . Parts Field Recycled . | . . . . . Retrieved Matter . | . . . . . Parts Self-Destructed 10 | . . 10 . . Prevented . | . . . . . Kills | -11 -10 -10 -9 -9 ------- Run | Yrd Mat Sub Rec Scr Combat Hostiles Destroyed 16 | . 8 6 2 . Guns 1 | . . 1 . . Cannons 2 | . . . 2 . AOE 12 | . 8 4 . . Classes Destroyed 10 | 3 4 2 1 . Worker 1 | 1 . . . . Builder 1 | . 1 . . . Tunneler 2 | 2 . . . . Hauler 2 | . 2 . . . Recycler 6 | 1 1 . 4 . Turret 2 | . . 2 . . Swarmer 10 | . 6 4 . . Grunt 2 | . 2 . . . Sentry 2 | . . . 2 . Subdweller 2 | . . 2 . . Best Kill Streak 7 | 2 7 4 2 . Combat Bots Only 5 | . 5 4 1 . Max Kills in Single Turn 4 | 1 3 4 1 . Gunslinging . | . . . . . Exploded 4 | . 3 4 . . Melee . | . . . . . Uniques/NPCs Destroyed . | . . . . . Combat | -11 -10 -10 -9 -9 -------- Run | Yrd Mat Sub Rec Scr Hostile Shots Fired 187 | . 14 146 13 14 Missed 72 | . 5 63 2 2 Damage Taken 1211 | . 254 547 157 253 Core 268 | . 69 71 42 86 Absorbed by Shields . | . . . . . Redirected to Shielding 13 | . . 13 . . Core Remaining (%) 100 | 100 . . . . Volleys Fired 94 | 14 15 29 29 7 Largest 2 | 2 2 2 2 2 Hottest 110 | 90 110 80 78 48 Shots Fired 166 | 26 24 45 60 11 Gun 86 | 26 8 38 6 8 Cannon 70 | . 10 6 54 . Launcher 7 | . 6 1 . . Special 3 | . . . . 3 Kinetic 74 | . . 6 60 8 Thermal 47 | 26 18 . . 3 Explosive 7 | . 6 1 . . Electromagnetic 38 | . . 38 . . Robot Hit Streak 9 | 5 7 8 6 9 Robot Miss Streak 3 | 2 2 2 3 1 Penetration Max . | . . . . . Secondary Targets . | . . . . . Shots Hit Robots 102 | 16 15 30 34 7 Core Hits 44 | 5 15 13 9 2 Critical Kills . | . . . . . Critical Parts Destroyed . | . . . . . Critical Strikes 6 | . 1 3 2 . Burn 1 | . 1 . . . Blast 2 | . . . 2 . Corrupt 3 | . . 3 . . Melee Attacks . | . . . . . Impact . | . . . . . Slashing . | . . . . . Piercing . | . . . . . Sneak Attacks . | . . . . . Combat Hostiles . | . . . . . Follow-up Attacks . | . . . . . Damage Inflicted 2323 | 194 788 539 665 137 Guns 768 | 194 74 286 77 137 Cannons 759 | . 106 65 588 . Explosions 758 | . 570 188 . . Melee . | . . . . . Ramming 38 | . 38 . . . Kinetic 867 | . . 65 665 137 Thermal 374 | 194 180 . . . Explosive 758 | . 570 188 . . Electromagnetic 286 | . . 286 . . Impact . | . . . . . Slashing . | . . . . . Piercing . | . . . . . Highest Corruption 10 | . 5 10 10 . Average Corruption 7 | . 4 5 10 . Corruption Purged . | . . . . . Corruption Blocked . | . . . . . Effects 104 | . 33 8 63 . Message Errors 17 | . 5 1 11 . Matter Fused 23 | . 10 1 12 . Heat Flow Errors 12 | . 4 1 7 . Energy Discharges 19 | . 3 3 13 . Parts Rejected 2 | . 1 . 1 . Data Loss (minor) 14 | . 6 2 6 . Data Loss (major) 9 | . 2 . 7 . Misfires 4 | . 1 . 3 . Alerts 3 | . 1 . 2 . Weapon Failures 1 | . . . 1 . Overload Shots . | . . . . . Overflow Damage 15 | . . . 15 . Projectiles 15 | . . . 15 . Explosions . | . . . . . Melee . | . . . . . Knockbacks 6 | . . 1 5 . Impact . | . . . . . Kinetic 6 | . . 1 5 . Secondary . | . . . . . Self-Inflicted Damage 58 | . 40 18 . . Shots 2 | . 1 1 . . Rammed 10 | . 9 . 1 . Targets Rammed 10 | . 9 . 1 . Kicked . | . . . . . Crushed . | . . . . . Highest Temperature 313 | 220 270 137 313 108 Average Temperature 106 | 91 87 83 120 56 Received Heat Transfer 417 | . 18 276 63 60 Effects 1 | . . . 1 . Energy Bleed 1 | . . . 1 . Siege Activations . | . . . . . Robots Corrupted 1 | . . 1 . . Combat Hostiles 1 | . . 1 . . Parts Fried 3 | . . 3 . . Impact Corruptions . | . . . . . Robots Melted 1 | . 1 . . . Combat Hostiles . | . . . . . Parts Melted 2 | 1 1 . . . Heat Transferred 1050 | 532 518 . . . Parts Sabotaged . | . . . . . Parts Stolen . | . . . . . Parts Stripped . | . . . . . Power Chain Reactions . | . . . . . Alert | -11 -10 -10 -9 -9 ------- Run | Yrd Mat Sub Rec Scr Peak Influence 489 | 20 313 . 489 . Initial 484 | . 13 . 484 . Average 119 | 9 59 . 206 . Maximum Alert Level 2 | . 1 . 2 . Low Security (%) 75 | 100 86 . 58 . Level 1 15 | . 13 . 20 . Level 2 8 | . . . 20 . Level 3 . | . . . . . Level 4 . | . . . . . Level 5 . | . . . . . High Security . | . . . . . Max Security . | . . . . . Squads Dispatched . | . . . . . Investigation . | . . . . . Extermination . | . . . . . Reinforcement . | . . . . . Assault . | . . . . . Garrison . | . . . . . Intercept . | . . . . . Searches Triggered . | . . . . . Construction Impeded . | . . . . . Haulers Reinforced . | . . . . . Active Scanning Responses . | . . . . . Cargo Convoy Interrupts . | . . . . . Stealth | -11 -10 -10 -9 -9 --------- Run | Yrd Mat Sub Rec Scr Distress Signals 2 | . 1 . 1 . Communications Jammed . | . . . . . Distress Signals . | . . . . . Times Spotted 67 | . 20 42 2 3 Peak Tracking Total 14 | . 5 4 1 14 Tactical Retreats 7 | . . 7 . . Traps | -11 -10 -10 -9 -9 ------- Run | Yrd Mat Sub Rec Scr Traps Triggered 3 | . 3 . . . Indirectly . | . . . . . Trap Hack Attempts . | . . . . . Triggered . | . . . . . Disarmed . | . . . . . Reprogrammed . | . . . . . Reused . | . . . . . Traps Extracted . | . . . . . Installed . | . . . . . Triggered . | . . . . . Machines | -11 -10 -10 -9 -9 ---------- Run | Yrd Mat Sub Rec Scr Machines Disabled 5 | . 2 2 . 1 Max in Single Turn 2 | . 2 1 . 1 Machines Repaired . | . . . . . Machines Dismantled 1 | . . . . 1 Machines Sabotaged . | . . . . . Overloaded Fab Kills . | . . . . . Hacking | -11 -10 -10 -9 -9 --------- Run | Yrd Mat Sub Rec Scr Machines Accessed 16 | . 2 . 10 4 Terminals 3 | . 2 . 1 . Fabricators . | . . . . . Repair Stations . | . . . . . Recycling Units 7 | . . . 7 . Scanalyzers . | . . . . . Garrison Access . | . . . . . Total Hacks 65 | . 3 . 41 21 Successful 56 | . 2 . 33 21 Failed 9 | . 1 . 8 . Catastrophic . | . . . . . Database Lockouts . | . . . . . Manual 6 | . 4 . 2 . Terminals 5 | . 3 . 2 . Fabricators . | . . . . . Repair Stations . | . . . . . Recycling Units 14 | . . . 14 . Scanalyzers . | . . . . . Garrison Access . | . . . . . Terminal Hacks 49 | . 2 . 26 21 Record 44 | . . . 24 20 Robot Analysis 2 | . 2 . . . Branch Access Points 1 | . . . 1 . Derelict Proto ID Bank 1 | . . . . 1 Release Object 1 | . . . 1 . Fabricator Hacks . | . . . . . Repair Station Hacks . | . . . . . Recycling Unit Hacks 7 | . . . 7 . Retrieve Components 7 | . . . 7 . Scanalyzer . | . . . . . Garrison Access Hacks . | . . . . . Unauthorized Hacks . | . . . . . Terminals . | . . . . . Fabricators . | . . . . . Repair Stations . | . . . . . Recycling Units . | . . . . . Scanalyzers . | . . . . . Garrison Access . | . . . . . Data Cores Recovered . | . . . . . Used . | . . . . . Hacking Detections 3 | . 1 . 2 . Full Trace Events . | . . . . . Feedback Events . | . . . . . Feedback Blocked . | . . . . . Robot Schematics Acquired . | . . . . . Robots Built . | . . . . . Authchips . | . . . . . Time . | . . . . . Total Robot Build Rating . | . . . . . Part Schematics Acquired . | . . . . . Parts Built . | . . . . . Authchips . | . . . . . Time . | . . . . . Total Part Build Rating . | . . . . . Parts Repaired . | . . . . . Time . | . . . . . Parts Recycled . | . . . . . Recycled Matter . | . . . . . Retrieved Matter . | . . . . . Retrieved Components 7 | . . . 7 . Parts Scanalyzed . | . . . . . Part Schematics Acquired . | . . . . . Parts Damaged . | . . . . . Bothacking | -11 -10 -10 -9 -9 ------------ Run | Yrd Mat Sub Rec Scr Used RIF Installer . | . . . . . Robots Hacked . | . . . . . Non-combat . | . . . . . Combat . | . . . . . Robot Hacks Applied . | . . . . . Relay Couplers Released . | . . . . . Fabnet Peak Effective % . | . . . . . Robots Rewired . | . . . . . Allies Hacked . | . . . . . Hacks Repelled . | . . . . . Allies | -11 -10 -10 -9 -9 -------- Run | Yrd Mat Sub Rec Scr Total Allies . | . . . . . Largest Group . | . . . . . Highest-Rated Group . | . . . . . Highest-Rated Ally . | . . . . . Total Orders . | . . . . . Ally Attacks . | . . . . . Total Damage . | . . . . . Kills . | . . . . . Allies Corrupted . | . . . . . Allies Melted . | . . . . . Intel | -11 -10 -10 -9 -9 ------- Run | Yrd Mat Sub Rec Scr Robot Analysis Total 2 | . 2 . . . Derelict Logs Recovered 1 | . . . . 1 Drone Launches . | . . . . . Drone Recoveries . | . . . . . Exploration | -11 -10 -10 -9 -9 ------------- Run | Yrd Mat Sub Rec Scr Turns Passed 7478 | 162 2471 261 1938 2646 Spaces Moved 2936 | 62 1056 66 746 1006 Core 2 | 2 . . . . Treads 2934 | 60 1056 66 746 1006 Legs . | . . . . . Wheels . | . . . . . Hover . | . . . . . Flight . | . . . . . Fastest Speed 50 | 50 160 240 240 240 Average Speed 228 | 156 202 240 240 249 Slowest Speed 250 | 160 240 240 240 250 Overloaded Moves . | . . . . . Propulsion Burnouts . | . . . . . Robots Hopped . | . . . . . Cave-ins Triggered . | . . . . . Exploration Rate (%) 54 | 5 98 5 91 72 Regions Visited 4 Branch Regions 3 Pre-discovered Areas . | . . . . . Known Exits Taken . | . . . . . Unknown Exits Taken 4 | 1 1 1 1 . Scrap Searched 4 | . . . . 4 Spaces Dug 2 | . . . 2 . Terrain Destroyed 58 | . 49 6 3 . Melee . | . . . . . Projectile 3 | . . . 3 . AOE 55 | . 49 6 . . Terrain Rammed . | . . . . . Walls Destroyed . | . . . . . Machines Disabled . | . . . . . Actions | -11 -10 -10 -9 -9 --------- Run | Yrd Mat Sub Rec Scr Total 3548 | 97 1362 120 837 1132 Wait 322 | 6 223 10 9 74 Move 2932 | 61 1055 65 745 1006 Hop . | . . . . . Pick Up 54 | 5 26 1 10 12 Fast Attach 16 | 8 1 . 3 4 Attach 6 | . 1 4 1 . Detach 1 | 1 . . . . Swap 36 | 2 13 10 5 6 Drop 49 | . 19 1 9 20 Fire 94 | 14 15 29 29 7 Melee . | . . . . . Ram . | . . . . . Kick . | . . . . . Crush 10 | . 9 . 1 . Escape Stasis . | . . . . . Rewire 25 | . . . 25 . Trap . | . . . . . Miscellaneous 3 | . . . . 3 Route ------- -11/Scrapyard -10/Materials (discovered 5 exits: [*Mat x3] / [*Min] / [*Sub]) -10/Subcaves -9/Recycling -9/Scraptown (discovered 1 exit: [*Fac]) History --------- Turn | Location | Event 18 | -11/Scrapyard | Discovered new exit (range 15) 163 | -11/Scrapyard | Entered Materials 315 | -10/Materials | Build established: Mutant 512 | -10/Materials | Discovered new exit (range 8) 617 | -10/Materials | Discovered new exit (range 5) 751 | -10/Materials | Discovered new exit (range 15) 2068 | -10/Materials | Discovered new exit (range 10) 2591 | -10/Materials | Discovered new exit (range 10) 2634 | -10/Materials | Entered Subcaves 2637 | -10/Subcaves | Ambushed by Subdwellers from Twisted Machinery 2833 | -10/Subcaves | Core integrity fell below 50% 2856 | -10/Subcaves | Discovered new exit (range 16) 2869 | -10/Subcaves | Lost 4 parts (4w) 2893 | -10/Subcaves | System corruption reached 10% 2895 | -10/Subcaves | Entered Recycling 2896 | -9/Recycling | Met a Zionite searching for Scraptown 4691 | -9/Recycling | Scanned before Scraplab entrance 4744 | -9/Recycling | Entered Scraplab 4778 | -9/Recycling | Discovered new exit (range 4) 4833 | -9/Recycling | Entered Scraptown 4833 | -9/Scraptown | System corruption cleaned by C-Scrubber 5042 | -9/Scraptown | Heard Great Nut preacher, LISTEN AND RECITE! 5614 | -9/Scraptown | Visited Shadow of the Wyrm 5674 | -9/Scraptown | Visited UFD Registry 5709 | -9/Scraptown | Visited Fellowship of the Rings 5791 | -9/Scraptown | Visited CPS Storage 5839 | -9/Scraptown | Visited Science Testing Area 5899 | -9/Scraptown | Visited Awakened 5981 | -9/Scraptown | Visited Cave Peace 6587 | -9/Scraptown | Scanned Subdweller tech in exchange for log data 6634 | -9/Scraptown | Discovered new exit (range 7) 6918 | -9/Scraptown | Registered with UFD as "Steammaster" 7021 | -9/Scraptown | Visited Scrapoid Research Area 7073 | -9/Scraptown | Visited Abandonware Association 7108 | -9/Scraptown | Learned abandonware demo "OVRCLOCK.EXE" 7123 | -9/Scraptown | Learned abandonware demo "REBOOT5.EXE" 7186 | -9/Scraptown | Visited DA-N13 Charitable Foundation 7208 | -9/Scraptown | Found DCF Scrap (26 items) 7314 | -9/Scraptown | Visited Science Guys 7402 | -9/Scraptown | Attacked by Scraptown defenders 7443 | -9/Scraptown | Found Voltaic Drivehammer 7470 | -9/Scraptown | Core integrity fell below 20% 7479 | -9/Scraptown | Destroyed by 97-LXL(j) with Overtuned Pulse Rifle Last Messages --------------- Voltaic Drivehammer Thermal Lance Mindflail Acceleration Regulator Hcp. Trap Extractor Preattuning Coils Mak. Powered Armor Regenerative Guardplate Interdictor 741C Chamberscale Vortex Pulse Array Cloaking Wrap 07394_ Dismantling Machine with Plasma Cutter. 07402_ Machine dismantled. 07402_ ANNOUNCEMENT: Intruder alert! Defend Scraptown! 07443_ Dropped Ion Engine. 07443_ Acquired Voltaic Drivehammer. 07472_ Critical hit (Destroy). 07477_ Supplies damaged. Map ----- +----------------------------------------------------+ | ?????????????????????????????????????????????????? | | ?????????????????????????????????????????????????? | | ?????????????????????????????????????????????????? | | ?????????????????????????????????????????????????? | | ?????????????????????????????????????????????????? | | ?????????????????????????????????????????????????? | | ?????????????????????????????????????????????????? | | ?????????????????????????????????????????????????? | | ?????????????????????????????????????????????????? | | ?????????????????????????????????????????????????? | | ?????????????????????????????????????????????????? | | ?????????????????????????????????????????????????? | | ?????????????????????????????????????????????????? | | ?????????????????????????????????????????????????? | | ??????????????????? #############???????????????? | | ??????????????????? #"""""""""""#???????????????? | | ########??????????? #""""" X """#???????????????? | | """""""#??????????# #""" """#???????????????? | | " " #??????????# #" * ""#???????????????? | | ############ #""" """#???????????????? | | "# #" ##***## ## #"""" ""#???????????????? | | "#X#" ##!!|##! [## #"" &#???????????????? | | "###" ##=%[=[=%]## #"" "" "&#???????????????? | | """"" ##*= /!= [## #"" "" "&#???????????????? | | ## =[!* ## # cj #???????????????? | | ## !*[* ## #" E@ #???????????????? | | # ########### ##### ##j##########???????????????? | | # ########### ##### ## ##???????????????????????? | | " """"""""""" """"" "" "#???????????????????????? | | "#???????????????????????? | | "#???????????????????????? | | "#???????????????????????? | | "#???????????????????????? | | ?????????????????????? | | """"""""""""""""""" "## ????????????????????? | | """"""""""""""""""" "#?? "???????????????????? | | ################"" "#??? "??????????????????? | | ??????????????#"" "#????#??????????????????? | | ??????????????#"" "#???????????????????????? | | "???????????????"" "#???????????????????????? | | ?????????????????" "#???????????????????????? | | ??????????????????" "????????????????????????? | | ?????????????????? ????????????????????????? | | ?????????????????? "????????????????????????? | | ??????????????????? ?????????????????????????? | | ?????????????????????????????????????????????????? | | ?????????????????????????????????????????????????? | | ?????????????????????????????????????????????????? | | ?????????????????????????????????????????????????? | | ?????????????????????????????????????????????????? | +----------------------------------------------------+ Best States ------------- Heat Dissipation 25 Energy Generation 18 Energy Capacity 310 Matter Stores 300 Matter Capacity 300 Sight Range 16 Terrain Scan Density 10 Armor Coverage 225 Core Shielding 20 Evasion (%) 40 Recoil Reduction 2 Item Schematics ----------------- None Robot Schematics ------------------ None Fabricated ------------ Nothing Alien Tech Used ----------------- None Achievements -------------- None Challenges ------------ None Game ------ Seed HellfireAssembledArmor Manual? 0 Play Time 00:56:48 Cumulative 84.1 hours Start 2024.08.16 @ 18:02:43 End 2024.08.16 @ 19:12:21 Sessions 1 Manual Loads 0 Difficulty Rogue Special Mode None Game No. 56 Rogue 43 Adventurer 13 Explorer 0 Win Type - Total 1 Types 1/0/0/0/0/0/0/0/0 Lore% 27 Gallery% 44 Achievement% 40 Wizard Run 0 Options --------- Layout 2 ASCII 0 Keyboard 1 Movement Numpad Keybinds 0 Fullscreen 2 Font 16/Swanston Map View 55x47 Zoom Use 0% Tactical HUD 1 Map Filters NONE Filters NONE Steam 0 RUN: 6c0c643b-71de-454a-bfa9-71438786afe2